 Dungeon Crawl Stone Soup version 0.26.1-11-gd32895ea62 (webtiles) character file.

Game seed: 1134528963838729648

61 Saba the Bolt Thrower (level 4, 0/27 HPs)
             Began as a Gargoyle Hunter on July 4, 2021.
             Slain by a gnoll
             ... wielding a +1 vorpal spear
              (4 damage)
             ... on level 2 of the Dungeon.
             The game lasted 00:01:45 (1581 turns).

Saba the Bolt Thrower (Gargoyle Hunter)             Turns: 1581, Time: 00:01:45

Health: 0/27       AC: 10    Str: 17    XL:     4   Next: 7%
Magic:  4/4        EV: 27    Int: 11    God:
Gold:   85         SH:  0    Dex: 10    Spells: 3/3 levels left

rFire    . . .     SeeInvis .   o - +2 dagger (venom)
rCold    . . .     Faith    .   (no shield)
rNeg     + . .     Spirit   .   c - +0 leather armour
rPois    ∞         Reflect  .   (no helmet)
rElec    +         Harm     .   (no cloak)
rCorr    .         Rampage  .   (no gloves)
Will     .....                  (no boots)
Stlth    +.........             m - amulet of the acrobat
HPRegen  0.09/turn              n - +4 ring of protection
MPRegen  0.09/turn              (no ring)

@: acrobat
A: negative energy resistance 1, electricity resistance, unbreathing,
petrification resistance, miasma immunity, AC +3
a: no special abilities


You were on level 2 of the Dungeon.
You visited 1 branch of the dungeon, and saw 2 of its levels.

You collected 85 gold pieces.

Inventory:

Hand Weapons
 a - a +1 hand crossbow
 o - a +2 dagger of venom (weapon)
Missiles
 d - 41 bolts
Armour
 c - a +0 leather armour (worn)
Jewellery
 m - an amulet of the acrobat (around neck)
 n - a +4 ring of protection (left hand)
Scrolls
 e - a scroll of fear {unknown}
 h - a scroll of random uselessness {unknown}
 i - a scroll of immolation {unknown}
 j - a scroll of blinking {unknown}
 k - a scroll of enchant weapon {unknown}
 p - a scroll of fog {unknown}
 q - a scroll of teleportation {unknown}
Potions
 b - a potion of magic {unknown}
 f - a potion of haste {unknown}
 g - 3 potions of heal wounds {unknown}
 l - a potion of curing {unknown}


   Skills:
 + Level 2.9 Fighting
 + Level 4.4 Crossbows
 + Level 1.7 Armour
 + Level 2.2 Dodging
 - Level 1.1 Stealth


You had 3 spell levels left.
You didn't know any spells.
Your spell library was empty.

Dungeon Overview and Level Annotations

Branches:
Dungeon (2/15)

Altars:


Innate Abilities, Weirdness & Mutations

You are resistant to torment.
Your stone body is resilient. (AC +3)
You are immune to poison.
You resist negative energy. (rN+)
You are resistant to electric shocks. (rElec)
You can survive without breathing.
You are immune to petrification.
You are immune to miasma.


Message History

The gnoll hits you with a +1 vorpal spear.
The gnoll hits you but does no damage.
You have reached level 4!
You feel stronger.
You barely miss the gnoll. The gnoll misses you.
The gnoll hits you but does no damage.
You barely miss the gnoll. The gnoll hits you but does no damage.
The gnoll barely misses you.
Unknown command.
You hit the gnoll but do no damage.
The gnoll is poisoned.
The gnoll closely misses you. The gnoll hits you with a +0 whip.
* * * LOW HITPOINT WARNING * * *
You barely miss the gnoll.
The gnoll hits you but does no damage. x2
You hit the gnoll.
The gnoll looks as sick as possible!
The gnoll is lightly wounded.
The gnoll hits you with a +1 vorpal spear.
* * * LOW HITPOINT WARNING * * *
x2 The gnoll hits you but does no damage.
The gnoll hits you from afar with a +1 vorpal spear.
You die...

#.#.. #.# # #.#
#.# # #.######'#
#.........
#######.........
....$...........
........@.......
$.....).######'#
......gg#
........#
........#
.........
......#.#
#####.#.# #.#.#


You could see 2 gnolls.

Vanquished Creatures
  A gnoll (D:2)
  An adder (D:2)
  2 oozes (D:1)
  2 leopard geckos (D:1)
  6 bats (D:1)
  A giant cockroach (D:1)
  3 goblins
  4 hobgoblins
  4 jackals (D:1)
  2 kobolds (D:1)
  A ball python (D:1)
  2 frilled lizards (D:1)
  2 rats
31 creatures vanquished.

Notes
Turn   | Place    | Note
-------+----------+-------------------------------------------
     0 | D:1      | Saba the Gargoyle Hunter began the quest for the Orb.
     0 | D:1      | Reached XP level 1. HP: 12/12 MP: 1/1
   324 | D:1      | Reached XP level 2. HP: 13/18 MP: 2/2
   667 | D:1      | Reached skill level 1 in Armour
   800 | D:1      | Reached XP level 3. HP: 22/22 MP: 3/3
  1576 | D:2      | Reached XP level 4. HP: 10/27 MP: 4/4
  1581 | D:2      | Slain by a gnoll

Illustrated notes

Levels and vault maps discovered:
D:1:      dpeg_arrival_circle_labyrinth_c, layout_loops_ring
D:2:      layout_basic, nrook_campfire

Skill      XL: |  1  2  3 |
---------------+----------+-----
Armour         | 1 |  1.7
Dodging        | 2 |  2.2
Fighting       | |  2.9
Crossbows      | |  4.4
Stealth        | |  1.1

Action                   |  1- 3 |  4- 6 || total
-------------------------+-------+-------++-------
Melee: Short sword       |    90 |       ||    90
       Dagger            |    74 |     5 ||    79
Armor: Leather armour    |    90 |     3 ||    93
Dodge: Dodged            |   110 |     3 ||   113
